 Dungeon Crawl Stone Soup version 0.20-a0-4-gd166d5d (webtiles) character file.

120402 esc the Grappler (level 16, -2/181 HPs)
             Began as a Vine Stalker Fighter on Oct 31, 2016.
             Was the Champion of Hepliaklqana.
             Slain by an Ice Fiend (7 damage)
             ... in an ice cave.
             The game lasted 01:47:33 (22416 turns).

esc the Grappler (Vine Stalker Fighter)            Turns: 22416, Time: 01:47:34

Health: -2/181     AC: 28    Str: 26    XL:     16   Next: 82%
Magic:  0/24       EV:  2    Int:  8    God:    Hepliaklqana [******]
Gold:   1813       SH: 17    Dex: 24    Spells: 1 memorised, 18 levels left

rFire  + . .     SeeInvis .       - Unarmed
rCold  + . .     Gourm    .     (armour currently unavailable)
rNeg   + + +     Faith    .     Y - +2 shield {rF+}
rPois  +         Spirit   +     (helmet currently unavailable)
rElec  .         Reflect  .     (cloak currently unavailable)
rCorr  .         Harm     .     (gloves currently unavailable)
MR     ++...     NoTele   +     (boots currently unavailable)
Stlth  ..........               F - amulet of regeneration {+regen, !d}
                                K - ring of protection from cold {rC+, !d}
                                u - +4 ring of slaying

@: agile, berserking, tree-form, very quick
A: reduced essence, (fangs 0), regeneration 2, magic shield, (antimagic bite),
no device heal 3, rot immunity
a: Recall Ancestor, Ancestor Identity, Transference, Idealise, Renounce Religion


You were in an ice cave.
You worshipped Hepliaklqana.
Hepliaklqana was exalted by your worship.
You were not hungry.
You were a tree.
You visited 5 branches of the dungeon, and saw 26 of its levels.
You also visited: Labyrinth and Ice Cave.

You collected 2698 gold pieces.
You spent 885 gold pieces at shops.

Inventory:

Missiles
 f - 823 stones (quivered)
 h - a throwing net {=f, !d}
 P - 32 tomahawks
Armour
 c - a +0 pair of boots (melded)
   (You found it on level 1 of the Lair of Beasts)
 n - a +0 cloak (melded)
   (You found it on level 4 of the Dungeon)
 w - a +2 pair of gloves of strength (melded)
   (You acquired it on level 5 of the Lair of Beasts)
 G - a +2 helmet (melded)
   (You found it on level 2 of the Dungeon)
 R - the +1 ring mail of Lies (melded) {Slay+6}
   (You bought it in a shop on level 2 of the Orcish Mines)

   It affects your accuracy and damage with ranged weapons and melee attacks
   (+6).
 Y - a +2 shield of fire resistance (worn)
   (You found it on level 3 of the Lair of Beasts)
Rods
 e - a +0 rod of clouds (11/11) {!a}
   (You found it in a labyrinth)
Jewellery
 u - a +4 ring of slaying (left branch)
   (You found it on level 1 of the Dungeon)
 y - an uncursed ring of poison resistance {rPois, !d}
   (You bought it in a shop on level 7 of the Dungeon)
 F - an amulet of regeneration (around neck) {+regen, !d}
   (You found it on level 2 of the Spider Nest)
 K - a ring of protection from cold (right branch) {rC+, !d}
   (You found it on level 5 of the Lair of Beasts)
 M - an uncursed ring of resist corrosion
   (You found it on level 3 of the Dungeon)
Wands
 o - a wand of slowing (15/48)
   (You found it on level 2 of the Spider Nest)
 B - a wand of acid (0/15)
   (You found it on level 6 of the Lair of Beasts)
 V - a wand of polymorph (0/24)
   (You found it on level 10 of the Dungeon)
 X - a wand of disintegration (6/24)
   (You found it on level 6 of the Lair of Beasts)
Scrolls
 a - a scroll of magic mapping {!r}
 k - 2 scrolls of silence
 q - 3 scrolls of teleportation
 r - 5 scrolls of remove curse
 E - 4 scrolls of immolation {!r}
 I - 5 scrolls of recharging
 N - 3 scrolls of enchant weapon
 Q - 4 scrolls of fog
 S - 3 scrolls of blinking {!r}
 T - 2 scrolls of vulnerability {!r!r}
Potions
 i - 2 potions of magic
 j - 4 potions of curing
 l - 6 potions of lignification {!q}
 m - 2 potions of agility
 s - a potion of cancellation
 z - 4 potions of flight
 D - a potion of resistance
 O - 3 potions of cure mutation {!q}
Miscellaneous
 t - a crystal ball of energy
   (You found it on level 12 of the Dungeon)
 A - a fan of gales
   (You found it on level 5 of the Lair of Beasts)
 Z - a disc of storms
   (You found it on level 3 of the Lair of Beasts)
Comestibles
 b - 2 chunks of flesh {@w0}
 d - 17 bread rations {@e1}
 g - 12 meat rations {@e2}


   Skills:
 + Level 12.8 Fighting
 + Level 11.9 Armour
 + Level 12.9 Shields
 + Level 13.4 Unarmed Combat
 - Level 2.3 Spellcasting
 - Level 10.3 Invocations
 + Level 5.6 Evocations


You had 18 spell levels left.
You knew the following spells:

 Your Spells              Type           Power        Failure   Level  Hunger
g - Apportation           Tloc           #.........   45%         1    ##.....


Dungeon Overview and Level Annotations

Branches:
Dungeon (14/15)            Temple (1/1) D:4            Lair (6/6) D:8
 Shoals (0/4) Lair:4       Spider (3/4) Lair:3        Slime (0/5) Lair:6
    Orc (2/2) D:11            Elf (0/3) Orc:2        Vaults (0/5) D:14

Altars:
Ashenzari
Cheibriados
Dithmenos
Elyvilon
Fedhas
Gozag
Hepliaklqana
Kikubaaqudgha
Makhleb
Nemelex Xobeh
Okawaru
Qazlal
Ru
Sif Muna
Trog
Uskayaw
Vehumet
Xom
Yredelemnul
Zin
The Shining One
Beogh

Shops:
D:7 *   D:8 *   Orc:2 %[%[

Annotations:
D:8 exclusion: ice statue
Lair:2 exclusion: 3 oklob plants
Lair:6 exclusion: 4 oklob plants


Innate Abilities, Weirdness & Mutations

((You have razor-sharp teeth.))
You heal very quickly.
When hurt, damage is shared between your health and your magic reserves.
((Your bite disrupts and absorbs the magic of your enemies.))
Potions and wands cannot restore your health.
You are immune to rotting.
Your life essence is reduced. (-10% HP)


Message History

You block the ice devil's attack. The ice devil closely misses you.
You pummel the ice devil!!
You kill the ice devil!
Sexer hits the ice devil with a dagger of draining.
The ice devil hits you but does no damage.
You hit the ice devil.
You bite the ice devil, but do no damage.
Sexer hits the ice devil but does no damage.
You block the ice devil's attack.
You punch the ice devil! You bite the ice devil. You drain its power.
Sexer hits the ice devil with a dagger of draining.
You pummel the ice devil!!
You kill the ice devil!
You are engulfed in freezing vapours.
You resist.
You take 2 damage, and have 79/81 hp.
You now have 23/24 mp.
No target in view!
Sexer is engulfed in freezing vapours.
Sexer is engulfed in freezing vapours.
Health restored: 81 Sexer is engulfed in freezing vapours.
Sexer is engulfed in freezing vapours.
MP restored: 24 Some of the chunks of flesh in your inventory have rotted away.
An ice devil comes into view.
No reachable target in view!
No reachable target in view!
An ice devil and 2 Ice Fiends come into view.
The Ice Fiend roars! x2
Really quaff
l - 7 potions of lignification {!q}?
You turn into a tree.
Your +0 cloak melds into your body.
Your +2 helmet melds into your body.
Your +2 pair of gloves of strength melds into your body.
Your +0 pair of boots melds into your body.
The +1 ring mail of Lies {Slay+6} melds into your body.
You feel weaker.
Your roots penetrate the ground.
You now have 121/121 hp.
You pummel the ice devil!! You block the ice devil's attack.
You smack the ice devil!
You kill the ice devil!
Sexer is engulfed in freezing vapours.
An ice devil comes into view.
Sexer is engulfed in freezing vapours.
The ice devil closely misses sexer.
Sexer is engulfed in freezing vapours.
The ice devil barely misses sexer.
Sexer is engulfed in freezing vapours.
You completely miss the Ice Fiend.
The ice devil closely misses sexer.
The Ice Fiend gestures at you.
The bolt of cold hits the Ice Fiend.
The Ice Fiend completely resists.
The bolt of cold hits you! You resist. The Ice Fiend gestures at you.
The bolt of cold hits you! You resist.
Sexer is engulfed in freezing vapours.
Sexer hits the Ice Fiend but does no damage.
You take 35 damage, and have 86/121 hp.
MASSIVE DAMAGE!!
You now have 17/24 mp.
You pummel the Ice Fiend!!
The ice devil hits sexer but does no damage.
The Ice Fiend gestures at you. The bolt of cold hits you! You resist.
The Ice Fiend gestures at you.
The bolt of cold hits the Ice Fiend.
The Ice Fiend completely resists.
The bolt of cold hits you! You resist.
Sexer is engulfed in freezing vapours.
Sexer hits the ice devil with a dagger of draining!
You take 28 damage, and have 58/121 hp.
MASSIVE DAMAGE!!
You now have 12/24 mp.
Okay, then.
You hit the Ice Fiend but do no damage.
The ice devil barely misses sexer.
The Ice Fiend claws you. The Ice Fiend freezes you!! You resist.
The Ice Fiend claws you but does no damage.
You take 17 damage, and have 41/121 hp.
You now have 9/24 mp.
Okay, then.
You feel agile all of a sudden.
Sexer is engulfed in freezing vapours.
Sexer hits the ice devil with a dagger of draining.
The ice devil hits sexer.
The ice devil freezes sexer!
Sexer resists.
The Ice Fiend gestures at you. The bolt of cold hits you! You resist.
* * * LOW HITPOINT WARNING * * *
You take 10 damage, and have 31/121 hp.
You now have 7/24 mp.
Really quaff
J - a potion of berserk rage {!q}?
A red film seems to cover your vision as you go berserk!
You feel yourself moving faster!
You feel mighty!
Sexer is engulfed in freezing vapours.
Sexer is destroyed!
The Ice Fiend gestures at you.
Helpless, you fail to dodge the bolt of cold.
You resist.
* * * LOW HITPOINT WARNING * * *
You block the Ice Fiend's attack. x2
You now have 35/181 hp.
You hit the Ice Fiend. You pummel the Ice Fiend!!
You block the ice devil's attack. You block the Ice Fiend's attack.
The Ice Fiend claws you!
* * * LOW HITPOINT WARNING * * *
The Ice Fiend freezes you!! You resist.
* * * LOW HITPOINT WARNING * * *
The Ice Fiend claws you!
You die...

.......###
######...### ...#.###
####.§.....## ..####
###§..........### ..#
#....##.........###
.##
§.§§##..####......##
## #§§§.§...#.......##
.## §
###§§....##.......##
..##
§§§§##§.....##.......#
...#
§§.§.44♣#§§§§§.§§...##
...#
§..###11#§§###§§...##
..## #
.§§§#§§§§§#§§### ..##
§..§§.#§§.§§#### ...##
##.##§§§§§≈### ∩...#
## §§.§.### ....# ##§#
∩..## .§. ..##


You could see 2 Ice Fiends and 2 ice devils.

Vanquished Creatures
  A ghost moth (Spider:2)
  An orc warlord (Orc:2)
  3 emperor scorpions
  A stone giant (D:10)
  An entropy weaver (Spider:2)
  Azrael (Spider:1)
  Snorg (Orc:2)
  2 fire dragons
  Josephine (Orc:2)
  4 hydras
  The ghost of azzavlup the Corrupter of Planes, a journeyman DsAK of Lugonu (IceCv)
  A centaur warrior (D:13)
  A death knight (D:13)
  A deep troll earth mage (D:10)
  5 orc high priests
  A slime creature (D:12)
  2 unseen horrors
  3 lindwurms (Lair:6)
  A wizard (D:14)
  2 hill giants
  An orc knight (Orc:2)
  21 wolf spiders
  8 orb spiders
  A deep elf mage (D:10)
  5 ugly things
  5 orc sorcerers
  A cyclops (D:10)
  2 manticores
  4 ice statues
  A moth of wrath (Spider:3)
  8 black mambas
  3 centaur zombies
  7 elephants
  A guardian serpent (Lair:6)
  5 torpor snails (Lair:6)
  A guardian serpent (shapeshifter) (D:14)
  13 spiny frogs
  3 komodo dragons
  A gargoyle (D:13)
  2 rime drakes
  4 demonic crawlers
  An efreet (D:10)
  2 freezing wraiths (D:13)
  9 ice devils (IceCv)
  7 trolls
  A polar bear (Lair:6)
  9 jumping spiders
  2 tyrant leeches (Lair:6)
  3 meliai (D:13)
  16 hornets
  5 two-headed ogres
  16 blink frogs
  A raiju (Lair:1)
  11 dream sheep (Lair:6)
  6 hippogriffs
  30 redbacks
  15 tarantellas
  4 wraiths
  7 wyverns
  A centaur simulacrum (D:14)
  2 shadows
  A vampire (D:9)
  2 basilisks
  11 yaks
  A fire elemental (Spider:1)
  2 hungry ghosts
  A vampire mosquito (D:10)
  2 steam dragons
  A mottled dragon (D:12)
  2 wargs
  A soldier ant (D:13)
  7 hell hounds
  20 water moccasins
  3 porcupines
  3 ice beasts
  3 sky beasts
  46 orc warriors
  2 eyes of draining
  21 ogres
  8 centaurs
  12 crocodiles
  A wyvern zombie (D:12)
  3 big kobolds
  18 bullfrogs
  2 gnoll sergeants
  6 scorpions
  3 vampire bats (Lair:4)
  3 wights (D:10)
  2 electric eels (Lair:4)
  4 howler monkeys
  6 crimson imps
  A bullfrog zombie (D:13)
  A quasit (D:10)
  28 orc wizards
  2 jellies
  33 orc priests
  5 centaur skeletons
  5 hounds
  2 bullfrog skeletons
  4 worker ants
  5 iguanas
  Natasha (D:3)
  4 hound skeletons
  A hound zombie (D:6)
  Robin (D:2)
  A worker ant zombie (D:9)
  A howler monkey skeleton (D:6)
  23 adders
  7 gnolls
  2 river rats (D:8)
  2 shadow imps
  4 white imps (IceCv)
  An ufetubus (IceCv)
  2 oozes
  2 adder skeletons
  2 worms
  5 dart slugs
  5 leopard geckos
  90 orcs
  4 giant cockroaches
  20 goblins
  15 hobgoblins
  3 jackals (D:7)
  8 quokkas
  2 ball pythons
  20 bats
  5 frilled lizards
  16 kobolds
  A leopard gecko zombie (D:6)
  13 rats
823 creatures vanquished.

Vanquished Creatures (collateral kills)
  The ghost of Daviar the Cleaver, a journeyman MiFi of Okawaru (Lair:3)
  A yaktaur captain (D:10)
  A hydra (Lair:6)
  An unseen horror (D:11)
  A deep troll (D:10)
  A wizard (D:14)
  2 orc knights (Orc:2)
  A hill giant (D:12)
  An ugly thing (D:12)
  2 centaur zombies
  3 elephants
  A centaur skeleton (D:13)
  A torpor snail (Lair:6)
  2 black mambas (Lair:6)
  2 spiny frogs
  A gargoyle (D:9)
  A komodo dragon (Lair:3)
  2 jumping spiders
  A tyrant leech (Lair:6)
  A two-headed ogre (D:10)
  A troll (D:10)
  4 hornets
  A blink frog (Lair:1)
  2 dream sheep (Lair:6)
  A hippogriff (Lair:4)
  2 redbacks
  A wyvern (Lair:6)
  2 fire elementals (Spider:1)
  A basilisk (Lair:4)
  A warg (Orc:2)
  3 water moccasins
  A sky beast (D:9)
  An ice beast (D:9)
  6 orc warriors
  A necrophage (D:7)
  An ogre (D:7)
  A big kobold (D:8)
  2 bullfrogs
  An electric eel (Spider:1)
  3 orc priests
  3 orc wizards
  A worker ant (D:10)
  A white imp (IceCv)
  3 ufetubi (IceCv)
  A leopard gecko (D:9)
  15 orcs
  4 bats
  A kobold (D:8)
  A rat (D:8)
93 creatures vanquished.

Vanquished Creatures (others)
  A minotaur (Lab)
  A wizard (D:14)
  An electric eel (Spider:1)
  23 hexers
  An ancestor (D:7)
  2 white imps (IceCv)
  7 ufetubi (IceCv)
  7 fungi
  30 plants
73 creatures vanquished.

Grand Total: 989 creatures vanquished

Notes
Turn   | Place    | Note
-------+----------+-------------------------------------------
     0 | D:1      | esc the Vine Stalker Fighter began the quest for the Orb.
     0 | D:1      | Reached XP level 1. HP: 11/11 MP: 2/2
   501 | D:1      | Reached XP level 2. HP: 16/16 MP: 3/3
   615 | D:1      | Reached skill level 3 in Shields
   991 | D:1      | Reached XP level 3. HP: 19/19 MP: 4/4
  1226 | D:2      | Reached skill level 3 in Fighting
  1321 | D:2      | Noticed Robin
  1337 | D:2      | HP: 5/20 [Robin/trident (4)]
  1342 | D:2      | HP: 3/20 [goblin[Robin] (1)]
  1348 | D:2      | HP: 1/20 [hobgoblin/club[Robin] (3)]
  1731 | D:2      | Killed Robin
  1732 | D:2      | Gained mutation: Your natural rate of healing is unusually fast. [Vine Stalker growth]
  1732 | D:2      | Reached XP level 4. HP: 18/24 MP: 3/5
  1790 | D:2      | Reached skill level 3 in Unarmed Combat
  2171 | D:2      | Reached XP level 5. HP: 28/28 MP: 6/6
  2475 | D:2      | Found a sacrificial altar of Ru.
  2511 | D:3      | Reached skill level 3 in Armour
  2857 | D:3      | Found an opulent altar of Gozag.
  3264 | D:3      | Found a bloodstained altar of Trog.
  3447 | D:3      | Found a snail-covered altar of Cheibriados.
  3530 | D:4      | Noticed Natasha
  3540 | D:3      | Killed Natasha
  3568 | D:4      | Reached XP level 6. HP: 32/32 MP: 7/7
  3610 | D:4      | Reached skill level 4 in Shields
  3685 | D:4      | Reached skill level 4 in Fighting
  3685 | D:4      | Reached skill level 4 in Unarmed Combat
  3685 | D:4      | Reached XP level 7. HP: 25/37 MP: 8/8
  3920 | D:4      | Found a staircase to the Ecumenical Temple.
  3925 | Temple   | Entered the Ecumenical Temple
  4168 | D:5      | Entered Level 5 of the Dungeon
  4522 | D:5      | Found a hazy altar of Hepliaklqana.
  4528 | D:5      | Reached skill level 4 in Armour
  4540 | D:5      | Became a worshipper of Hepliaklqana the Forgotten
  5003 | D:6      | Gained mutation: You have razor-sharp teeth. [Vine Stalker growth]
  5003 | D:6      | Reached XP level 8. HP: 36/37 MP: 9/9
  5030 | D:6      | Found an opulent altar of Gozag.
  5085 | D:6      | Reached skill level 5 in Shields
  5085 | D:6      | Reached skill level 5 in Unarmed Combat
  5091 | D:6      | Found a sacrificial altar of Ru.
  5131 | D:6      | Reached * piety under Hepliaklqana
  5371 | D:6      | Reached skill level 5 in Fighting
  5976 | D:7      | Reached skill level 5 in Armour
  6029 | D:7      | Reached XP level 9. HP: 43/43 MP: 10/10
  6073 | D:7      | Reached skill level 1 in Invocations
  6136 | D:7      | Reached ** piety under Hepliaklqana
  6137 | D:7      | Remembered your ancestor sexer as a hexer
  6241 | D:7      | Found Qiehis's Serpentskin Sales.
  6255 | D:7      | Reached skill level 6 in Shields
  6255 | D:7      | Reached skill level 6 in Unarmed Combat
  6265 | D:7      | Bought an uncursed ring of poison resistance for 280 gold pieces
  6323 | D:7      | Found a burning altar of Makhleb.
  6541 | D:8      | Reached skill level 6 in Fighting
  6593 | D:8      | Reached skill level 2 in Invocations
  6644 | D:8      | Noticed a red ugly thing
  6863 | D:8      | Found a staircase to the Lair.
  6876 | Lair:1   | Entered Level 1 of the Lair of Beasts
  6913 | Lair:1   | Noticed a spiny frog
  6918 | Lair:1   | HP: 8/43 [blink frog (9)]
  6997 | D:8      | Found Nuacefac's General Store.
  7019 | D:8      | Found a shadowy altar of Dithmenos.
  7024 | D:8      | Found a hide-covered altar of Uskayaw.
  7025 | D:8      | Found a stormy altar of Qazlal.
  7027 | D:8      | Found a deep blue altar of Sif Muna.
  7302 | D:8      | Found a sacrificial altar of Ru.
  7369 | D:8      | Noticed an ice statue
  7559 | D:9      | Noticed a gargoyle
  7591 | D:9      | Reached skill level 3 in Invocations
  7639 | D:8      | Noticed Maurice
  7644 | D:8      | Noticed Maurice
  7650 | D:8      | Killed Maurice the water moccasin
  7704 | Lair:1   | Reached *** piety under Hepliaklqana
  7787 | Lair:1   | Reached skill level 6 in Armour
  7787 | Lair:1   | Reached XP level 10. HP: 32/47 MP: 9/13
  7799 | Lair:1   | Got a blackened chain mail
  7810 | Lair:1   | Identified the cursed +1 chain mail "Arey" {+Fly MR+ Str+3 Dex+4} (You found it on level 1 of the Lair of Beasts)
  7822 | Lair:1   | a spiny frog changed into a raiju
  7828 | Lair:1   | Reached skill level 7 in Unarmed Combat
  7828 | Lair:1   | Reached skill level 1 in Spellcasting
  7904 | Lair:1   | Noticed a spiny frog
  7910 | Lair:1   | Killed a spiny frog
  7982 | Lair:1   | Reached skill level 7 in Shields
  7991 | Lair:1   | Reached skill level 2 in Spellcasting
  8102 | Lair:1   | Noticed a spiny frog
  8108 | Lair:1   | Killed a spiny frog
  8108 | Lair:1   | Reached skill level 7 in Fighting
  8108 | Lair:1   | Reached skill level 4 in Invocations
  8418 | Lair:2   | Noticed a five-headed hydra
  8430 | Lair:2   | Killed a five-headed hydra
  8546 | Lair:2   | Noticed an oklob plant
  8546 | Lair:2   | Noticed an oklob plant
  8609 | Lair:2   | Noticed an oklob plant
  8613 | Lair:2   | Got a heavily runed leather armour
  8627 | Lair:2   | Identified the +3 leather armour of Feiryrom {Int+4 Dex+2} (You found it on level 2 of the Lair of Beasts)
  8643 | Lair:2   | Reached **** piety under Hepliaklqana
  8795 | Lair:2   | Noticed a spiny frog
  8802 | Lair:2   | Killed a spiny frog
  8808 | Lair:2   | Reached skill level 5 in Invocations
  8808 | Lair:2   | Reached XP level 11. HP: 45/52 MP: 15/15
  8813 | Lair:2   | Reached skill level 8 in Unarmed Combat
  8822 | Lair:2   | Reached skill level 7 in Armour
  9146 | Lair:3   | Found a hole to the Spider Nest.
  9364 | Lair:3   | Noticed Daviar's ghost (journeyman MiFi)
  9494 | Lair:3   | Noticed a fire dragon
  9513 | Lair:4   | Found a labyrinth entrance.
  9534 | Lair:4   | Reached skill level 8 in Shields
  9630 | Lab      | Entered a labyrinth
  9646 | Lab      | Reached ***** piety under Hepliaklqana
  9721 | Lab      | Noticed a minotaur
  9730 | Lab      | Killed a minotaur
  9756 | Lab      | Reached skill level 8 in Fighting
  9944 | Lair:4   | Noticed a manticore
  9961 | Lair:4   | Killed a manticore
  9974 | Lair:4   | Found a staircase to the Shoals.
 10134 | Lair:3   | Reached skill level 6 in Invocations
 10468 | Lair:3   | Identified a +0 rod of clouds (11/11) {!a} (You found it in a labyrinth)
 10807 | Lair:5   | Found a glowing golden altar of the Shining One.
 10814 | Lair:5   | Reached skill level 9 in Unarmed Combat
 10829 | Lair:6   | Entered Level 6 of the Lair of Beasts
 10855 | Lair:4   | Gained mutation: You heal very quickly. [Vine Stalker growth]
 10855 | Lair:4   | Reached XP level 12. HP: 58/58 MP: 16/18
 10885 | Lair:4   | Reached skill level 8 in Armour
 10899 | Lair:4   | Reached skill level 9 in Shields
 10899 | Lair:4   | Reached skill level 7 in Invocations
 11240 | Lair:5   | Identified a scroll of acquirement
 11254 | Lair:5   | Reached skill level 9 in Fighting
 11622 | Lair:6   | Reached ****** piety under Hepliaklqana
 11695 | Lair:6   | Found a staircase to the Slime Pits.
 11786 | Lair:6   | Noticed a six-headed hydra
 11792 | Lair:6   | Killed a six-headed hydra
 11899 | Lair:6   | Reached skill level 8 in Invocations
 11900 | Lair:6   | Reached XP level 13. HP: 39/63 MP: 20/20
 11941 | Lair:6   | Reached skill level 10 in Unarmed Combat
 11977 | Lair:6   | Reached skill level 9 in Armour
 12036 | Lair:6   | Learned a level 1 spell: Apportation
 12134 | Lair:6   | Reached skill level 10 in Shields
 12530 | Lair:6   | Found a runed door.
 12551 | Lair:6   | Reached skill level 10 in Fighting
 12780 | Lair:6   | Reached skill level 9 in Invocations
 13039 | Lair:6   | Noticed a fire dragon
 13054 | Lair:6   | Killed a fire dragon
 13247 | Lair:3   | Killed Daviar's ghost
 13298 | Lair:3   | Reached XP level 14. HP: 49/69 MP: 22/22
 13634 | D:9      | Reached skill level 11 in Unarmed Combat
 14238 | D:10     | Entered Level 10 of the Dungeon
 14370 | D:10     | Noticed a stone giant
 14383 | D:10     | Killed a stone giant
 14383 | D:10     | Reached skill level 10 in Armour
 14667 | D:10     | Found a runed door.
 14882 | D:10     | Reached skill level 11 in Shields
 14882 | D:10     | Reached skill level 10 in Invocations
 15068 | D:10     | Got a flickering diamond amulet
 15096 | D:10     | Identified the amulet "Qadowa" {Inacc -Tele rElec rF+++ Int-5} (You found it on level 10 of the Dungeon)
 15473 | D:11     | Reached skill level 11 in Fighting
 15635 | D:11     | Found a staircase to the Orcish Mines.
 15663 | D:11     | Reached skill level 1 in Evocations
 15937 | D:11     | You fall through a shaft for 3 floors!
 16212 | D:14     | Reached skill level 2 in Evocations
 16235 | D:14     | Found a gate to the Vaults.
 16457 | D:13     | Reached XP level 15. HP: 73/74 MP: 23/23
 16511 | D:13     | Reached skill level 3 in Evocations
 16969 | D:13     | Got a distressingly furry ring mail
 16982 | D:13     | Identified the cursed +1 ring mail of the Comet {Str+5} (You found it on level 13 of the Dungeon)
 17016 | D:12     | Reached skill level 12 in Unarmed Combat
 17398 | D:12     | Reached skill level 4 in Evocations
 17943 | Orc:1    | Entered Level 1 of the Orcish Mines
 18248 | Orc:1    | Found a bloodstained altar of Trog.
 18353 | Orc:2    | Entered Level 2 of the Orcish Mines
 18673 | Orc:2    | Found Wudei's Antique Armour Emporium.
 18709 | Orc:2    | Found a roughly hewn altar of Beogh.
 18839 | Orc:2    | Found Futono's Food Shoppe.
 18962 | Orc:2    | Noticed Josephine
 18974 | Orc:2    | Killed Josephine
 19026 | Orc:2    | Noticed Snorg
 19043 | Orc:2    | Killed Snorg
 19149 | Orc:2    | Found a staircase to the Elven Halls.
 19217 | Orc:2    | Got a brightly glowing hand crossbow
 19301 | Orc:2    | Reached skill level 11 in Armour
 19305 | Orc:2    | Reached skill level 5 in Evocations
 19317 | Orc:2    | HP: 16/75 [orc warrior/trident[an orc warlord] (7)]
 19318 | Orc:2    | Found Qemiddu's Food Boutique.
 19323 | Orc:2    | HP: 11/75 [orc warrior/mace[an orc warlord] (3)]
 19328 | Orc:2    | HP: 12/75 [orc priest/morningstar[an orc warlord] (1)]
 19329 | Orc:2    | Found Woosmofick's Antique Armour Shoppe.
 19333 | Orc:2    | HP: 14/112 [hellwing[an orc high priest] (1)]
 19334 | Orc:2    | Reached skill level 12 in Shields
 19419 | Orc:2    | Noticed an orc warlord
 19436 | Orc:2    | Killed an orc warlord
 19456 | Orc:2    | Found a roughly hewn altar of Beogh.
 20098 | Orc:2    | Bought a pair of transparent gloves for 209 gold pieces
 20098 | Orc:2    | Bought a shimmering ring mail for 198 gold pieces
 20108 | Orc:2    | Identified the +0 pair of gloves "Ixzoaniw" {+Blink Str-2 Int+4 Dex+4} (You bought it in a shop on level 2 of the Orcish Mines)
 20129 | Orc:2    | Identified the +1 ring mail of Lies {Slay+6} (You bought it in a shop on level 2 of the Orcish Mines)
 20129 | Orc:2    | Bought a faintly humming ring mail for 198 gold pieces
 20139 | Orc:2    | Identified the +6 ring mail of the Shore {*Drain Int+4 Dex+5} (You bought it in a shop on level 2 of the Orcish Mines)
 20381 | Spider:1 | Entered Level 1 of the Spider Nest
 20462 | Spider:1 | Reached skill level 12 in Fighting
 20511 | Spider:1 | Identified the +9 hand crossbow "Ikluxzol" {venom, +Blink rF+ Int+2} (You found it on level 2 of the Orcish Mines)
 20576 | Spider:1 | Noticed an emperor scorpion
 20588 | Spider:1 | Killed an emperor scorpion
 20588 | Spider:1 | Reached XP level 16. HP: 50/79 MP: 21/24
 20720 | Spider:1 | Noticed Azrael
 20729 | Spider:1 | Killed Azrael
 21410 | Spider:2 | Reached skill level 13 in Unarmed Combat
 22152 | Spider:3 | Found a frozen archway.
 22227 | IceCv    | Entered an ice cave
 22327 | IceCv    | Noticed azzavlup's ghost (journeyman DsAK)
 22334 | IceCv    | Killed azzavlup's ghost
 22403 | IceCv    | Noticed an Ice Fiend
 22403 | IceCv    | Noticed an Ice Fiend
 22414 | IceCv    | HP: 35/181 [Ice Fiend/bolt of cold (13)]
 22416 | IceCv    | HP: 5/181 [Ice Fiend (22)]
 22416 | IceCv    | Slain by an Ice Fiend

Vault maps used:
D:1:      sevenhm_arrival_forest_fort_small_4
D:2:      minmay_wonky_spiral, marbit_many_paths, minmay_tall_x, uniq_robin
D:3:      lemuel_coloured_pillars_altar, lemuel_crystal_altar, first_bread,
          grunt_gozag_breadcrumbs
D:4:      uniq_natasha
D:5:      lemuel_round_altar, grunt_decor_resistance, minmay_crystal_room
D:6:      kennysheep_mini, basic_altar, serial_bayou_pond_c
D:7:      makhleb_blood_cavern_becter, guppyfry_shop_venom
D:8:      lemuel_ice_statue, minitemple, grunt_lair_entry_orc_guard_hut,
          serial_shops, shop_coins, blue_anna_alchemist, lemuel_tele_altar,
          uniq_maurice
D:9:      minmay_diamond_stairs, minmay_misc_feat_roman
D:10:     minmay_st_funbox, minmay_the_grid_3x2
D:11:     kennysheep_orc_monster_closet_entryway
D:13:     interstate_on_off, item_on_display_a
D:14:     david_vaults_1, minmay_door_square
Temple:   minmay_temple_curvy_loop
Lair:1:   enter_volcano_3, columned_hall_lemuel, grunt_megastairs_4
Lair:2:   grunt_forest_small_clearings, disabler_island
Lair:3:   dragon1_lemuel, spider_nest_entry_web_field
Lair:4:   minmay_shoals_entry_beasts, lab_entry_generic, roderic_batcave,
          serial_bayou_lake_a
Lair:5:   basic_altar, minivault_26, infiniplex_staircase_pool
Lair:6:   hangedman_lair_tendril_chambers, wormcave,
          minmay_slime_entry_oklob_enclosed
Spider:1: uniq_azrael
Spider:2: nicolae_spider_hall_of_the_moth_king
Spider:3: portal_ice_cave_entry_ice_statue_two, minivault_29
Orc:1:    trog_hazing_becter
Orc:2:    pubby_orc_utopia, uniq_josephine, uniq_snorg
Lab:      nicolae_lab_dead_adventurers, nicolae_lab_swirl,
          nicolae_lab_flowing_pool, nicolae_lab_garden,
          labyrinth_skeletal_remains
IceCv:    ice_cave_small_demon

Skill      XL: |  1  2  3  4  5  6  7  8  9 10 11 12 13 14 15 16 |
---------------+-------------------------------------------------+-----
Shields        | 3 4 5 6 7 8 9 10 11 12 | 12.9
Fighting       | 3 4 5 6 7 8 9 10 11 12 | 12.8
Unarmed Combat | 3 4 5 6 7 9 10 11 12 13 | 13.4
Armour         | 3 4 5 6 7 8 9 10 11 | 11.9
Invocations    | 3 5 6 8 9 10 | 10.3
Spellcasting   | 2 |  2.3
Evocations     | 2 5 |  5.6

Action                   |  1- 3 |  4- 6 |  7- 9 | 10-12 | 13-15 | 16-18 || total
-------------------------+-------+-------+-------+-------+-------+-------++-------
Melee: Unarmed           |    84 |   184 |   269 |   368 |  1214 |   329 ||  2448
       Bite              |    25 |    53 |    94 |   189 |   702 |   167 ||  1230
Throw: Stone             |       |       |       |       |     4 |       ||     4
Invok: Recall Ancestor   |       |       |     5 |     3 |     2 |     1 ||    11
       Ancestor Identity |       |       |     2 |       |       |       ||     2
       Ancestor Life: He |       |       |     1 |       |       |       ||     1
       Transference      |       |       |       |       |     1 |       ||     1
Evoke: Wand              |       |       |     5 |     7 |    18 |     3 ||    33
       Rod               |       |       |       |     3 |       |       ||     3
  Use: Potion            |     1 |       |       |     4 |    10 |     4 ||    19
       Scroll            |       |     1 |     4 |    30 |    21 |     5 ||    61
 Stab: Distracted        |       |       |     2 |     7 |    17 |     2 ||    28
       Confused          |       |       |     2 |       |    12 |       ||    14
       Invisible         |       |       |       |       |     1 |       ||     1
       Paralysed         |       |       |       |       |    22 |    13 ||    35
  Eat: Chunk             |     1 |     6 |    13 |    11 |    25 |     1 ||    57
       Royal jelly       |     1 |       |     1 |       |     2 |       ||     4
       Pizza             |       |       |     1 |     1 |       |       ||     2
       Fruit             |       |       |       |     3 |     1 |       ||     4
       Beef jerky        |       |       |       |       |     1 |       ||     1
       Meat ration       |       |       |       |       |       |     1 ||     1
Armor: Scale mail        |    24 |    74 |    80 |       |       |       ||   178
       Chain mail        |       |       |       |   133 |   362 |       ||   495
       Ring mail         |       |       |       |       |    11 |   138 ||   149
       Skin              |       |       |       |       |       |     1 ||     1
Dodge: Dodged            |    14 |    48 |    57 |    90 |   191 |   100 ||   500
Block: Shield            |    42 |    89 |   101 |   216 |   741 |   230 ||  1419

Vault maps used:
D:1:      sevenhm_arrival_forest_fort_small_4
D:2:      minmay_wonky_spiral, marbit_many_paths, minmay_tall_x, uniq_robin
D:3:      lemuel_coloured_pillars_altar, lemuel_crystal_altar, first_bread,
          grunt_gozag_breadcrumbs
D:4:      uniq_natasha
D:5:      lemuel_round_altar, grunt_decor_resistance, minmay_crystal_room
D:6:      kennysheep_mini, basic_altar, serial_bayou_pond_c
D:7:      makhleb_blood_cavern_becter, guppyfry_shop_venom
D:8:      lemuel_ice_statue, minitemple, grunt_lair_entry_orc_guard_hut,
          serial_shops, shop_coins, blue_anna_alchemist, lemuel_tele_altar,
          uniq_maurice
D:9:      minmay_diamond_stairs, minmay_misc_feat_roman
D:10:     minmay_st_funbox, minmay_the_grid_3x2
D:11:     kennysheep_orc_monster_closet_entryway
D:13:     interstate_on_off, item_on_display_a
D:14:     david_vaults_1, minmay_door_square
Temple:   minmay_temple_curvy_loop
Lair:1:   enter_volcano_3, columned_hall_lemuel, grunt_megastairs_4
Lair:2:   grunt_forest_small_clearings, disabler_island
Lair:3:   dragon1_lemuel, spider_nest_entry_web_field
Lair:4:   minmay_shoals_entry_beasts, lab_entry_generic, roderic_batcave,
          serial_bayou_lake_a
Lair:5:   basic_altar, minivault_26, infiniplex_staircase_pool
Lair:6:   hangedman_lair_tendril_chambers, wormcave,
          minmay_slime_entry_oklob_enclosed
Spider:1: uniq_azrael
Spider:2: nicolae_spider_hall_of_the_moth_king
Spider:3: portal_ice_cave_entry_ice_statue_two, minivault_29
Orc:1:    trog_hazing_becter
Orc:2:    pubby_orc_utopia, uniq_josephine, uniq_snorg
Lab:      nicolae_lab_dead_adventurers, nicolae_lab_swirl,
          nicolae_lab_flowing_pool, nicolae_lab_garden,
          labyrinth_skeletal_remains
IceCv:    ice_cave_small_demon

Table legend:
 A = Turns spent in this place as a percentage of turns spent in the entire game.
 B = Non-inter-level travel turns spent in this place as a percentage of non-inter-level travel turns spent in the entire game.
 C = Inter-level travel turns spent in this place as a percentage of turns spent in this place.
 D = Turns resting spent in this place as a percentage of non-inter-level travel turns spent in this place.
 E = Turns spent auto-exploring this place as a percentage of non-inter-level travel turns spent in this place.
 F = Non-inter-level travel turns spent in this place divided by the number of levels of this place that you've seen.
                   A       B       C       D       E      F
               +-------+-------+-------+-------+-------+----------------------
         Total | 100.0 | 100.0 |   0.7 |   0.9 |   8.8 | 278.0
       Dungeon |  44.4 |  44.3 |   0.9 |   0.5 |  10.4 | 246.4
        Temple |   0.2 |   0.2 |   6.2 |   0.0 |  80.0 |  15.0
          Lair |  26.2 |  26.1 |   0.9 |   1.4 |   8.6 | 338.8
   Spider Nest |  10.8 |  10.8 |   0.4 |   2.1 |   6.2 | 281.0
  Orcish Mines |  14.2 |  14.3 |   0.3 |   0.7 |   7.8 | 557.0
     Labyrinth |   2.0 |   2.0 |   0.0 |   0.0 |   0.0 | 156.0
      Ice Cave |   2.2 |   2.2 |   0.0 |   0.0 |   2.3 | 173.0
               +-------+-------+-------+-------+-------+----------------------

Table legend:
 A = Kills in this place as a percentage of kills in entire the game.
 B = Kills by you in this place as a percentage of kills by you in the entire game.
 C = Kills by friends in this place as a percentage of kills by friends in the entire game.
 D = Other kills in this place as a percentage of other kills in the entire game.
 E = Experience gained in this place as a percentage of experience gained in the entire game.
 F = Experience gained in this place divided by the number of levels of this place that you have seen.
                   A       B       C       D       E      F
               +-------+-------+-------+-------+-------+----------------------
         Total | 100.0 | 100.0 | 100.0 | 100.0 | 100.0 | 6143.0
       Dungeon |  44.4 |  45.1 |  38.7 |  50.0 |  28.0 | 3434.5
          Lair |  19.8 |  19.2 |  25.8 |   0.0 |  29.5 | 8467.8
   Spider Nest |  12.0 |  12.5 |   7.5 |   0.0 |  25.6 | 14670.3
  Orcish Mines |  21.1 |  20.9 |  23.7 |   0.0 |  13.8 | 11867.0
     Labyrinth |   0.3 |   0.2 |   0.0 |  50.0 |   0.6 | 960.0
      Ice Cave |   2.3 |   2.1 |   4.3 |   0.0 |   2.6 | 4409.0
               +-------+-------+-------+-------+-------+----------------------
